 Dungeon Crawl Stone Soup version 0.21-a0-227-g58a7c62 (webtiles) character file.

135 terra52 the Chiller (level 4, 0/35 HPs)
             Began as a Draconian Ice Elementalist on Aug 30, 2017.
             Slain by an orc priest (1 damage)
             ... on level 3 of the Dungeon.
             The game lasted 00:06:10 (1692 turns).

terra52 the Chiller (Draconian Ice Elementalist)    Turns: 1692, Time: 00:06:11

Health: 0/35       AC:  5    Str: 10    XL:     4   Next: 96%
Magic:  1/8        EV: 12    Int: 17    God:
Gold:   61         SH:  0    Dex: 11    Spells: 1/9 levels left

rFire    . . .     SeeInvis .   p - +0 rapier
rCold    . . .     Gourm    .   (no shield)
rNeg     . . .     Faith    .   (armour unavailable)
rPois    .         Spirit   .   (helmet restricted)
rElec    .         Reflect  .   (no cloak)
rCorr    .         Harm     .   (no gloves)
MR       .....                  (no boots)
Stlth    ++........             (no amulet)
HPRegen  0.11/turn              (no ring)
MPRegen  0.11/turn              (no ring)

@: no status effects
A: unfitting armour, cold-blooded, AC +5
a: no special abilities


You were on level 3 of the Dungeon.
You were hungry.

You visited 1 branch of the dungeon, and saw 3 of its levels.

You collected 61 gold pieces.

Inventory:

Hand Weapons
 j - a +0 dagger
 p - a +0 rapier (weapon)
Missiles
 h - 4 tomahawks (quivered)
Armour
 c - a +2 buckler
Scrolls
 d - 3 scrolls of remove curse {unknown}
 e - a scroll of fear {unknown}
 n - a scroll of identify {unknown}
 r - a scroll of noise {unknown}
Potions
 f - a potion of flight
 g - a potion of ambrosia {unknown}
 i - 4 potions of curing
 k - a potion of agility {unknown}
 m - a potion of degeneration {unknown}
Books
 a - a book of Frost

   Spells                             Type                      Level
   a - Freeze                         Ice                          1
   b - Throw Frost                    Conjuration/Ice              2
   c - Ozocubu's Armour               Charms/Ice                   3
   d - Throw Icicle                   Conjuration/Ice              4
   e - Summon Ice Beast               Ice/Summoning                4
Comestibles
 b - a bread ration
 l - 5 fruits
 o - 2 royal jellies
 q - 2 chunks of flesh


   Skills:
 * Level 1.2 Fighting
 * Level 1.0 Short Blades
 + Level 2.2 Dodging
 + Level 2.1 Stealth
 * Level 0.8 Shields
 * Level 3.1 Spellcasting
   Level 1.0 Conjurations
 * Level 0.1 Charms
 * Level 3.9 Ice Magic


You had one spell level left.
You knew the following spells:

 Your Spells              Type           Power        Failure   Level  Hunger
a - Freeze                Ice            ###.         3%          1    None
b - Ozocubu's Armour      Chrm/Ice       #.......     22%         3    ###....
c - Summon Ice Beast      Ice/Summ       #.......     61%         4    ####...


Dungeon Overview and Level Annotations

Branches:
Dungeon (3/15)

Altars:
Wu Jian

Annotations:
D:2 2 transporters


Innate Abilities, Weirdness & Mutations

Your plain brown scales are hard. (AC +5)
You cannot fit into any form of body armour.
You are cold-blooded and may be slowed by cold attacks.


Message History

Aim: an orc, wielding a short sword (almost dead)
You freeze the orc.
You kill the orc!
Casting: Freeze
Confirm with . or Enter, or press ? or * to list all spells.
Aiming: Freeze
Press: ? - help, Shift-Dir - straight line, f - orc priest
Aim: an orc priest, wearing a scale mail You freeze the orc priest.
The orc priest is lightly wounded.
You float gracefully downwards.
Casting: Freeze
Confirm with . or Enter, or press ? or * to list all spells.
Aiming: Freeze
Press: ? - help, Shift-Dir - straight line, f/p - orc priest
Aim: an orc priest, wearing a scale mail (lightly wounded)
You freeze the orc priest.
The orc priest is moderately wounded.
The orc priest hits you.
You die...

#.#############.# #†#
#.# #†# ######.######
#†# #.............
##.# #.####.####.##
...### #.# ### ...†.#
#)# ######)# ####.#
#.# #<.....# .....#
#.# #@###### ####.#
#.####o#### #†#
#.....#...#
####.######..###.##.#
.............###.##.#
###...........##.##.#
#..########.##o##.#
#..# #>##.#..# #..#
#.##.#.##


You could see an orc priest.

Vanquished Creatures
  7 adders
  An adder skeleton (D:3)
  4 worms
  A dart slug (D:2)
  A leopard gecko (D:1)
  2 orcs (D:3)
  3 bats
  3 giant cockroaches
  5 goblins
  5 hobgoblins
  5 jackals (D:3)
  9 kobolds
  3 frilled lizards
  5 rats
54 creatures vanquished.

Notes
Turn   | Place    | Note
-------+----------+-------------------------------------------
     0 | D:1      | terra52 the Draconian Ice Elementalist began the quest for the Orb.
     0 | D:1      | Reached XP level 1. HP: 14/14 MP: 3/3
   188 | D:1      | Reached XP level 2. HP: 16/20 MP: 0/5
   729 | D:2      | Reached XP level 3. HP: 14/27 MP: 1/6
   753 | D:2      | Learned a level 3 spell: Ozocubu's Armour
   992 | D:2      | Found an ornate altar of the Wu Jian Council.
   993 | D:2      | Noticed a bullfrog
   996 | D:2      | Found a transporter.
  1015 | D:2      | Found a transporter.
  1015 | D:2      | Noticed a bullfrog
  1068 | D:2      | Reached XP level 4. HP: 20/34 MP: 4/8
  1410 | D:2      | Reached skill level 1 in Short Blades
  1520 | D:3      | Reached skill level 1 in Fighting
  1625 | D:3      | Learned a level 4 spell: Summon Ice Beast
  1639 | D:3      | HP: 1/35 [worm (10)]
  1689 | D:3      | HP: 1/35 [orc/short sword (2)]
  1692 | D:3      | Slain by an orc priest

Vault maps used:
D:1:      roderic_dead_forest, wad_floor_pattern_1
D:2:      gammafunk_temple_overflow_arena
D:3:      lemuel_blue_sif_altar, marbit_many_paths, minmay_misc_feat_enclosed

Skill      XL: |  1  2  3  4 |
---------------+-------------+-----
Stealth        | 2 |  2.1
Dodging        | 2 |  2.2
Short Blades   | 1 |  1.0
Spellcasting   | 3 |  3.1
Fighting       | 1 |  1.2
Shields        | |  0.8
Conjurations   | |  1.0
Charms         | |  0.1
Ice Magic      | |  3.9

Action                   |  1- 3 |  4- 6 || total
-------------------------+-------+-------++-------
Melee: Unarmed           |    18 |       ||    18
       Dagger            |    30 |     6 ||    36
       Tailslap          |     4 |     3 ||     7
       Rapier            |       |    41 ||    41
Throw: Tomahawk          |       |     5 ||     5
 Cast: Freeze            |    50 |    49 ||    99
       Ozocubu's Armour  |       |     1 ||     1
  Use: Potion            |       |     2 ||     2
 Stab: Sleeping          |     1 |       ||     1
  Eat: Chunk             |     1 |     2 ||     3
Armor: Skin              |    22 |    24 ||    46
Dodge: Dodged            |    61 |    51 ||   112

Table legend:
 A = Spawn XP
 B = Non-spawn XP
 C = Spawn XP percentage of total XP
 D = Spawn monster count
 E = Non-spawn monster count
 F = Spawn count percentage of total count
 G = Total turns spent on level
                    A         B        C        D         E        F      G
               +---------+---------+-------+---------+---------+-------+---------
         Total |      11 |     182 |   5.7 |       4 |      50 |   7.4 |  1692
               +---------+---------+-------+---------+---------+-------+---------
           D:1 |       2 |      28 |   6.7 |       1 |      16 |   5.9 |   722
           D:2 |       9 |     107 |   7.8 |       3 |      21 |  12.5 |   714
           D:3 |       0 |      47 |   0.0 |       0 |      13 |   0.0 |   256
               +---------+---------+-------+---------+---------+-------+---------
